 Dungeon Crawl Stone Soup version 0.29.0-4-gdea44cf6ec (webtiles) character file.

Game seed: 14549069856634226499

360 qw the Chopper (level 6, -6/35 HPs)
             Began as a Tengu Warper on Aug 28, 2022.
             Mangled by an ogre
             ... wielding a +0 giant club
              (13 damage)
             ... on level 5 of the Dungeon.
             The game lasted 00:00:24 (4850 turns).

qw the Chopper (Tengu Warper)                       Turns: 4850, Time: 00:00:24

Health: -6/35      AC: 13    Str: 13      XL:     6   Next: 65%
Magic:  9/9        EV:  7    Int: 13 (14) God:
Gold:   251        SH:  5    Dex: 12 (13) Spells: 9/9 levels left

rFire   . . .      SeeInvis +   Y - +2 hand axe
rCold   . . .      Faith    .   (no shield)
rNeg    . . .      Spirit   .   e - +0 chain mail
rPois   +          Reflect  +   (helmet restricted)
rElec   .          Harm     .   (no cloak)
rCorr   .          Rampage  .   d - +0 pair of gloves
Will    .....                   (boots unavailable)
Stlth   ..........              j - amulet "Coman" {Reflect rPois SH+5}
HPRegen 0.11/turn               (no ring)
MPRegen 0.11/turn               (no ring)

@: about to teleport, flying quickly and evasively, quick
A: beak, talons 3, nimble flight, iridescent scales 2, see invisible, low MP 1
a: no special abilities


You were on level 5 of the Dungeon.
You visited 1 branch of the dungeon, and saw 5 of its levels.

You collected 251 gold pieces.


Innate Abilities, Weirdness & Mutations

You have a beak for a mouth.
You have claws for feet.
Your magical nature lets you fly swiftly and evasively.
You are mostly covered in iridescent scales. (AC +4)
You have supernaturally acute eyesight. (SInv)
Your magical capacity is low. (-10% MP)


   Skills:
 + Level 2.1 Fighting
 - Level 7.2 Axes
 - Level 1.0 Throwing
 - Level 2.0 Armour
 - Level 2.1 Dodging
 - Level 2.0 Spellcasting
 - Level 2.4 Translocations


You had 9 spell levels left.
You didn't know any spells.
Your spell library contained the following spells:

 Spells                   Type           Power      Damage    Failure   Level
 Blink                    Tloc           14%        N/A       99%         2
 Gell's Gravitas          Tloc           7%         N/A       100%        3
 Lesser Beckoning         Tloc           7%         N/A       100%        3
 Teleport Other           Tloc           7%         N/A       100%        3
 Manifold Assault         Tloc           7%         N/A       100%        5

Inventory:

Hand Weapons
 g - a +0 flail
 Y - a +2 hand axe (weapon)
Armour
 d - a +0 pair of gloves (worn)
 e - a +0 chain mail (worn)
Jewellery
 j - the amulet "Coman" (around neck) {Reflect rPois SH+5}
   (You acquired it on level 3 of the Dungeon)

   [amulet of reflection]

   It reflects blocked missile attacks.
   rPois:     It protects you from poison.
   SH:        It affects your SH (+5).
Scrolls
 b - a scroll of identify
Potions
 f - a potion of curing
 h - a potion of haste {unknown}
 k - a potion of cancellation {unknown}
 l - a potion of flight {unknown}

Dungeon Overview and Level Annotations

Branches:
Dungeon (5/15)
 Temple: D:4-7

Altars:
Cheibriados
Ru
Trog
Yredelemnul

Shops:
D:4 (


Message History

Your vision sharpens.
Iridescent scales spread over more of your body.
Done exploring.
4749 ||| DRINKING 2 purple potions.
It was a potion of curing.
You feel better.
Done exploring.
(D) Dungeon
Where to? (* - list waypoints, Enter - D:4, ? - help)
What level of the Dungeon? (default 1, ? - help)
There is a stone staircase leading down here.
You fly downwards.
There is a stone staircase leading up here.
Existing waypoints: (1) D:4 (2) D:3 Assign waypoint to what number? (0-9, D - delete waypoint) Waypoint 2 re-assigned from D:3 to D:5.
Found 4 stones.
You now have 251 gold pieces (gained 17).
An orc zombie and a hobgoblin zombie come into view.
A hound comes into view.
Enter note:
Enter note:
4841 ||| Stepping ~*~*~tactically~*~*~ (stealth).
An ogre comes into view. It is wielding a +0 giant club.
The ogre shouts!
The ogre moves out of view.
You barely miss the ogre. You claw the ogre. You peck the ogre.
The ogre is lightly wounded.
The ogre hits you with a +0 giant club!
You hit the ogre. Your kick misses the ogre. You peck the ogre.
The ogre is moderately wounded.
You slash the ogre! You claw the ogre.
The ogre is severely wounded.
You hit the orc zombie. The ogre hits you with a +0 giant club!
The orc zombie hits you but does no damage.
4850 ||| READING scroll of teleportation.
As you read the scroll of teleportation, it crumbles to dust.
You feel strangely unstable. The ogre hits you with a +0 giant club!
You die...

#########.###.#
# #.....# ^#
######.#####.#
#............###
#.###.#.........
##.#......#.
###.##.....
...#####O##..###
.......@..Z.....
...#####Z##..###
#.# .... #.# ###
.#? . . #. #. h.
. #. .Z


You could see an ogre, a hobgoblin zombie and an orc zombie.

Vanquished Creatures
  An ogre (D:4)
  2 scorpions
  Robin (D:2)
  6 adders
  An ufetubus (D:4)
  2 worms
  A dart slug (D:2)
  2 orcs (D:4)
  A bat (D:2)
  7 endoplasms
  4 giant cockroaches
  11 goblins
  8 hobgoblins
  6 jackals
  8 kobolds
  5 quokkas
  7 ball pythons
  A frilled lizard (D:1)
  7 rats
81 creatures vanquished.

Notes
Turn   | Place    | Note
-------+----------+-------------------------------------------
     0 | D:1      | qw the Tengu Warper began the quest for the Orb.
     0 | D:1      | Reached XP level 1. HP: 12/12 MP: 4/4
     0 | D:1      | 0 ||| qw: Version: 0.1-a-89-g26bdef1
     0 | D:1      | 0 ||| qw: Game counter: 747
     0 | D:1      | 0 ||| qw: Always use a shield: true
     0 | D:1      | 0 ||| qw: God list: Okawaru
     0 | D:1      | 0 ||| qw: Allow faded altars: false
     0 | D:1      | 0 ||| qw: Do Orc after D:15 true
     0 | D:1      | 0 ||| qw: Do second Lair branch before Depths: true
     0 | D:1      | 0 ||| qw: Lair rune preference: random
     0 | D:1      | 0 ||| qw: Plans: Normal
     0 | D:1      | 0 ||| PLANNING D:1-11
   162 | D:1      | 162 ||| Stepping ~*~*~tactically~*~*~ (stealth).
   307 | D:1      | Reached skill level 3 in Axes
   307 | D:1      | Reached XP level 2. HP: 13/16 MP: 6/6
   394 | D:1      | 394 ||| Stepping ~*~*~tactically~*~*~ (stealth).
   395 | D:1      | 395 ||| Stepping ~*~*~tactically~*~*~ (stealth).
   403 | D:1      | HP: 3/17 [kobold/+1 short sword of flaming (2)]
   687 | D:1      | 687 ||| Stepping ~*~*~tactically~*~*~ (stealth).
  1099 | D:1      | Reached XP level 3. HP: 21/21 MP: 7/7
  1248 | D:1      | 1248 ||| UPGRADING to +0 chain mail.
  1258 | D:1      | 1258 ||| DROPPING +0 leather armour.
  1259 | D:1      | 1259 ||| UPGRADING to amulet of regeneration.
  1264 | D:1      | 1264 ||| READING scroll labelled FEUGYM YCWEON.
  1265 | D:1      | 1265 ||| READING scroll labelled ARGHIT EFUDEHOI.
  1266 | D:1      | 1266 ||| READING 2 scrolls labelled SUDAFI XOEDGH.
  1267 | D:1      | 1267 ||| READING scroll of enchant weapon.
  1267 | D:1      | 1267 ||| ENCHANTING +1 hand axe.
  1268 | D:1      | 1268 ||| DROPPING scroll of blinking.
  1323 | D:2      | 1323 ||| Stepping ~*~*~tactically~*~*~ (stealth).
  1329 | D:2      | 1329 ||| Stepping ~*~*~tactically~*~*~ (stealth).
  1331 | D:2      | 1331 ||| Stepping ~*~*~tactically~*~*~ (hiding).
  1341 | D:2      | Reached skill level 4 in Axes
  1488 | D:2      | Found a snail-covered altar of Cheibriados.
  1521 | D:2      | 1521 ||| Stepping ~*~*~tactically~*~*~ (stealth).
  1566 | D:2      | Reached XP level 4. HP: 26/26 MP: 8/8
  1610 | D:2      | Noticed Robin
  1611 | D:2      | 1611 ||| Stepping ~*~*~tactically~*~*~ (hiding).
  1624 | D:2      | Killed Robin
  1732 | D:2      | Reached skill level 5 in Axes
  1778 | D:2      | 1778 ||| Stepping ~*~*~tactically~*~*~ (stealth).
  1779 | D:2      | 1779 ||| Stepping ~*~*~tactically~*~*~ (stealth).
  1828 | D:2      | 1828 ||| Stepping ~*~*~tactically~*~*~ (stealth).
  2157 | D:2      | Noticed a scorpion
  2166 | D:2      | Killed a scorpion
  2167 | D:2      | Reached skill level 6 in Axes
  2167 | D:2      | Gained mutation: Your magical nature lets you fly swiftly
                  | and evasively. [Tengu growth]
  2167 | D:2      | Reached XP level 5. HP: 16/30 MP: 9/9
  2429 | D:2      | 2429 ||| READING scroll labelled DIUCSU TIEKLOFF.
  2433 | D:2      | 2433 ||| READING scroll labelled ZUT XOIDANEDAI.
  2434 | D:2      | 2434 ||| DRINKING 2 fizzy clear potions.
  2485 | D:2      | 2485 ||| DROPPING potion of lignification.
  2587 | D:3      | 2587 ||| Stepping ~*~*~tactically~*~*~ (stealth).
  2588 | D:3      | 2588 ||| DROPPING +0 club.
  2841 | D:3      | 2841 ||| Stepping ~*~*~tactically~*~*~ (stealth).
  3055 | D:3      | Found a bloodstained altar of Trog.
  3084 | D:3      | Found a faded altar of an unknown god.
  3184 | D:3      | 3184 ||| READING scroll labelled HEWKYCAVVIMEU.
  3184 | D:3      | Identified a scroll of acquirement
  3184 | D:3      | 3184 ||| ACQUIRING amulet "Coman" {Reflect rPois SH+5}
  3184 | D:3      | Acquired the amulet "Coman" {Reflect rPois SH+5}
  3186 | D:3      | 3186 ||| UPGRADING to amulet "Coman" {Reflect rPois SH+5}.
  3196 | D:3      | 3196 ||| DROPPING amulet of regeneration.
  3197 | D:3      | 3197 ||| DRINKING 2 fizzy purple potions.
  3198 | D:3      | 3198 ||| DRINKING 2 bubbling silvery potions.
  3199 | D:3      | 3199 ||| DROPPING potion of degeneration.
  3264 | D:4      | 3264 ||| Stepping ~*~*~tactically~*~*~ (stealth).
  3265 | D:4      | 3265 ||| Stepping ~*~*~tactically~*~*~ (stealth).
  3267 | D:4      | 3267 ||| Stepping ~*~*~tactically~*~*~ (stealth).
  3428 | D:4      | 3428 ||| Stepping ~*~*~tactically~*~*~ (stealth).
  3429 | D:4      | 3429 ||| Stepping ~*~*~tactically~*~*~ (stealth).
  3447 | D:4      | Found a sacrificial altar of Ru.
  3736 | D:4      | Noticed an ogre
  3741 | D:4      | HP: 7/30 [ogre/+0 giant spiked club (14)]
  3742 | D:4      | 3742 ||| READING scroll of teleportation.
  3743 | D:4      | 3743 ||| DRINKING potion of heal wounds.
  3747 | D:4      | Killed an ogre
  3748 | D:4      | Reached XP level 6. HP: 14/35 MP: 10/10
  4036 | D:4      | Reached skill level 7 in Axes
  4042 | D:4      | 4042 ||| Stepping ~*~*~tactically~*~*~ (stealth).
  4046 | D:4      | 4046 ||| Stepping ~*~*~tactically~*~*~ (stealth).
  4233 | D:4      | Found Rexkid's Antique Weapon Boutique.
  4448 | D:4      | Found a basalt altar of Yredelemnul.
  4741 | D:4      | 4741 ||| UPGRADING to +0 pair of gloves.
  4746 | D:4      | 4746 ||| READING scroll labelled PUS RIFIARHUTON.
  4747 | D:4      | 4747 ||| DRINKING 2 dark potions.
  4747 | D:4      | Gained mutation: You do not regenerate when monsters are
                  | visible. [potion of mutation]
  4747 | D:4      | Gained mutation: You are clumsy. (Dex -2) [potion of
                  | mutation]
  4747 | D:4      | Gained mutation: You expend magic power (3 MP) to
                  | strengthen your wands. [potion of mutation]
  4748 | D:4      | 4748 ||| DRINKING potion of mutation.
  4748 | D:4      | Lost mutation: You are clumsy. (Dex -2) [potion of
                  | mutation]
  4748 | D:4      | Lost mutation: You do not regenerate when monsters are
                  | visible. [potion of mutation]
  4748 | D:4      | Lost mutation: You expend magic power (3 MP) to strengthen
                  | your wands. [potion of mutation]
  4748 | D:4      | Gained mutation: Your magical capacity is low. (-10% MP)
                  | [potion of mutation]
  4748 | D:4      | Gained mutation: You are partially covered in iridescent
                  | scales. (AC +2) [potion of mutation]
  4748 | D:4      | Gained mutation: You have supernaturally acute eyesight.
                  | (SInv) [potion of mutation]
  4748 | D:4      | Gained mutation: You are mostly covered in iridescent
                  | scales. (AC +4) [potion of mutation]
  4749 | D:4      | 4749 ||| DRINKING 2 purple potions.
  4804 | D:5      | Entered Level 5 of the Dungeon
  4841 | D:5      | 4841 ||| Stepping ~*~*~tactically~*~*~ (stealth).
  4849 | D:5      | HP: 7/35 [ogre/+0 giant club (12)]
  4850 | D:5      | 4850 ||| READING scroll of teleportation.
  4850 | D:5      | Mangled by an ogre

Levels and vault maps discovered:
D:1:      zaba_arrival_water, layout_loops_ring
D:2:      layout_basic, basic_altar, chequers_serial_rivers_large_b, uniq_robin
D:3:      layout_loops_ring, lemuel_coloured_pillars_altar,
          dreamdust_ecumenical_altar_angels_and_demons,
          chequers_serial_rivers_micro_a
D:4:      layout_layer_cave, general_overflow_altar, hangedman_ru_absence,
          nicolae_stop_n_shop_1
D:5:      layout_loops_ring, lemuel_tele_altar, serial_shops,
          nicolae_shop_behind_doors, minmay_mini_ossuary, uniq_prince_ribbit1

Skill      XL: |  1  2  3  4  5  6 |
---------------+-------------------+-----
Axes           | 3 4 6 7 |  7.2
Armour         | 2 |  2.0
Fighting       | |  2.1
Throwing       | |  1.0
Dodging        | |  2.1
Spellcasting   | |  2.0
Translocations | |  2.4

Action                   |  1- 3 |  4- 6 || total
-------------------------+-------+-------++-------
Melee: Hand axe          |    78 |   146 ||   224
       Kick              |    11 |    39 ||    50
       Peck              |     8 |    21 ||    29
       Punch             |       |     3 ||     3
Throw: Boomerang         |     7 |       ||     7
  Use: Scroll            |     4 |     6 ||    10
       Potion            |       |     7 ||     7
 Stab: Distracted        |     1 |       ||     1
Armor: Leather armour    |    12 |       ||    12
       Chain mail        |    15 |    58 ||    73
Dodge: Dodged            |    35 |    34 ||    69
Block: Other             |       |    15 ||    15

Table legend:
 A = Non-vault XP
 B = Vault XP
 C = Vault XP percentage of total XP
 D = Non-vault monster count
 E = Vault monster count
 F = Vault count percentage of total count
                 A         B        C        D         E       F
            +---------+---------+-------+---------+---------+-------
      Total |     486 |      29 |   5.6 |      72 |       9 |  11.1
            +---------+---------+-------+---------+---------+-------
        D:1 |      39 |       0 |   0.0 |      22 |       0 |   0.0
        D:2 |     164 |      29 |  15.0 |      22 |       9 |  29.0
        D:3 |      35 |       0 |   0.0 |      12 |       0 |   0.0
        D:4 |     248 |       0 |   0.0 |      16 |       0 |   0.0
            +---------+---------+-------+---------+---------+-------
